 Dungeon Crawl Stone Soup version 0.28.0 (webtiles) character file.

Game seed: 11566304063241567028

3221 iguanaiguana the Grappler (level 9, 0/85 HPs)
             Began as a Troll Fighter on Feb 16, 2022.
             Was an Initiate of Elyvilon.
             Slain by a human (2 damage)
             ... in a bailey.
             The game lasted 00:31:01 (3514 turns).

iguanaiguana the Grappler (Troll Fighter)           Turns: 3514, Time: 00:31:02

Health: 0/85       AC:  4    Str: 30    XL:     9   Next: 66%
Magic:  8/8        EV:  9    Int: 10    God:    Elyvilon [......]
Gold:   263        SH:  8    Dex:  9    Spells: 8/8 levels left

rFire   . . .      SeeInvis .     - Unarmed
rCold   . . .      Faith    .   b - +0 kite shield
rNeg    . . .      Spirit   .   a - +0 robe
rPois   .          Reflect  .   (helmet restricted)
rElec   .          Harm     .   (no cloak)
rCorr   .          Rampage  .   (gloves unavailable)
Will    .....                   (boots unavailable)
Stlth   +.........              (no amulet)
HPRegen 1.04/turn               d - +4 ring of slaying
MPRegen 0.11/turn               s - +6 ring of intelligence

@: no status effects
A: large, unfitting armour, claws 3, regeneration 1, shaggy fur 1, tough skin 1
a: Renounce Religion


You were in a bailey.
You worshipped Elyvilon.
Elyvilon was noncommittal.
You visited 2 branches of the dungeon, and saw 9 of its levels.
You also visited: Bailey.

You collected 383 gold pieces.
You spent 120 gold pieces at shops.

Inventory:

Hand Weapons
 j - a +0 morningstar
 q - a +0 giant spiked club
Missiles
 f - 60 stones (quivered)
Armour
 a - a +0 robe (worn)
 b - a +0 kite shield (worn)
Jewellery
 d - a +4 ring of slaying (left claw)
 s - a +6 ring of intelligence (right claw)
Wands
 i - a wand of polymorph (4)
 n - a wand of digging (6) {@v3}
Scrolls
 c - 2 scrolls of immolation
 e - a scroll of enchant armour
 g - a scroll of fear
 h - a scroll of noise
 k - a scroll of magic mapping {@r5}
 m - a scroll of vulnerability
 r - a scroll of identify {@r1}
Potions
 l - a potion of magic
 p - a potion of flight


   Skills:
 + Level 4.6 Fighting
 + Level 3.2 Throwing
 - Level 3.4 Dodging
 * Level 5.6 Shields
 * Level 10.4 Unarmed Combat


You had 8 spell levels left.
You didn't know any spells.
Your spell library contained the following spells:

 Spells                   Type           Power      Damage    Failure   Level
 Magic Dart               Conj           0%         1d3       63%         1
 Searing Ray              Conj           0%         2d4       77%         2
 Fulminant Prism          Conj/Hex       0%         3d6       100%        4


Dungeon Overview and Level Annotations

Branches:
Dungeon (8/15)             Temple (1/1) D:7          Bailey (1/1)
   Lair: D:8-11

Altars:
Ashenzari
Cheibriados
Dithmenos
Elyvilon
Fedhas
Gozag
Hepliaklqana
Kikubaaqudgha
Nemelex Xobeh
Qazlal
Sif Muna
Trog
Wu Jian
Xom
Yredelemnul
Zin

Shops:
D:3 *

Annotations:
D:7 1 transporter, dropkickpikachu's ghost, novice MiBe


Innate Abilities, Weirdness & Mutations

You are too large for most types of armour.
You have claws for hands.
Your natural rate of healing is unusually fast.
You are covered in fur. (AC +1)
You have tough skin. (AC +1)


Message History

You block the goblin's attack.
You scratch the goblin.
You kill the goblin!
A human comes into view. It is wielding a +1 vorpal hand axe.
The human shouts!
Things that are here:
a +0 hand axe; a +0 leather armour; a goblin corpse The human hits you with a +1 vorpal hand axe!
Things that are here:
a +0 hand axe; a +0 leather armour You barely miss the human.
The human hits you with a +1 vorpal hand axe.
You scratch the human but do no damage. You block the human's attack.
You scratch the human but do no damage.
The human hits you with a +1 vorpal hand axe.
You closely miss the human.
The human hits you with a +1 vorpal hand axe!
* * * LOW HITPOINT WARNING * * *
x2 You scratch the human but do no damage.
You block the human's attack.
You scratch the human but do no damage.
The human hits you with a +1 vorpal hand axe.
* * * LOW HITPOINT WARNING * * *
x2 You claw the human!
The human is moderately wounded.
The human hits you with a +1 vorpal hand axe!
* * * LOW HITPOINT WARNING * * *
x2 You claw the human!
The human is severely wounded.
The human hits you with a +1 vorpal hand axe!
* * * LOW HITPOINT WARNING * * *
x2 You barely miss the human.
The human is severely wounded.
The human hits you with a +1 vorpal hand axe.
* * * LOW HITPOINT WARNING * * *
x2
Okay, then.
As you read the scroll of summoning, it crumbles to dust.
Wisps of shadow whirl around you...
The human hits you with a +1 vorpal hand axe!
* * * LOW HITPOINT WARNING * * *
You die...

##### ##...##
#.....#
#.∩.∩.#
######.....#
##..oo##o).##
#.....o#)#'#
#.p@o#≈≈≈
##ooo#≈≈≈≈≈
#.oo#≈≈≈≈≈#
#...##≈≈≈##
#..## #+##
#..+ ####


You could see a human (ally target), 2 friendly orc warriors, a friendly orc
wizard (summoned) and 7 friendly orcs.

Vanquished Creatures
  2 humans (Bailey)
  3 vampire mosquitoes
  A steam dragon (D:7)
  Eustachio (D:5)
  A black bear (D:5)
  An ice beast (D:6)
  3 necrophages
  A hornet zombie (D:6)
  2 ogres
  2 centaurs
  Blork the orc (D:4)
  3 bullfrogs
  A gnoll sergeant (D:8)
  2 water moccasin zombies
  2 water moccasin skeletons (D:6)
  A wight (D:5)
  A howler monkey (D:6)
  A bullfrog zombie (D:5)
  4 centaur zombies (D:5)
  A human zombie (D:5)
  2 jellies
  An orc priest (D:4)
  2 centaur skeletons
  4 hounds
  3 iguanas
  An orc wizard (D:5)
  A hound zombie (D:5)
  3 mummies
  An adder (D:4)
  5 gnolls (D:8)
  A shadow imp (D:4)
  A white imp (D:6)
  An ufetubus (D:4)
  A dart slug (D:2)
  11 orcs
  A ball python (D:4)
  A bat (D:3)
  2 endoplasms
  3 giant cockroaches
  6 goblins
  3 hobgoblins
  4 jackals
  5 kobolds
  A quokka (D:1)
  4 frilled lizards
  2 rats
104 creatures vanquished.

Vanquished Creatures (collateral kills)
  A vampire mosquito (D:5)
1 creature vanquished.

Vanquished Creatures (others)
  A bush (D:5)
1 creature vanquished.

Grand Total: 106 creatures vanquished

Notes
Turn   | Place    | Note
-------+----------+-------------------------------------------
     0 | D:1      | iguanaiguana the Troll Fighter began the quest for the Orb.
     0 | D:1      | Reached XP level 1. HP: 22/22 MP: 0/0
   185 | D:1      | Reached XP level 2. HP: 29/29 MP: 1/1
   230 | D:2      | Reached XP level 3. HP: 22/36 MP: 2/2
   547 | D:3      | Found a blossoming altar of Fedhas.
   662 | D:3      | Found a stormy altar of Qazlal.
  1042 | D:4      | Reached XP level 4. HP: 44/44 MP: 3/3
  1084 | D:4      | Reached skill level 3 in Unarmed Combat
  1145 | D:4      | Reached XP level 5. HP: 53/53 MP: 4/4
  1355 | D:5      | Entered Level 5 of the Dungeon
  1355 | D:5      | Noticed Blork the orc
  1355 | D:5      | Noticed Eustachio
  1364 | D:4      | Killed Blork the orc
  1529 | D:4      | Reached skill level 4 in Unarmed Combat
  1547 | D:5      | Reached XP level 6. HP: 47/61 MP: 5/5
  1568 | D:5      | Found a broken altar of Ashenzari.
  1581 | D:5      | Reached skill level 5 in Unarmed Combat
  1697 | D:4      | Reached skill level 6 in Unarmed Combat
  1902 | D:4      | Reached XP level 7. HP: 56/67 MP: 6/6
  1999 | D:5      | Reached skill level 7 in Unarmed Combat
  2005 | D:5      | Identified the +2 leather armour "Vezirofu" {-Tele Fly
                  | rF+++ Int-4}
  2022 | D:6      | Noticed a vampire mosquito
  2027 | D:6      | Noticed a vampire mosquito
  2029 | D:6      | Noticed a vampire mosquito
  2084 | D:3      | Found Ipiwne's General Store.
  2094 | D:3      | Bought a potion of haste for 120 gold pieces
  2183 | D:5      | Killed a vampire mosquito
  2204 | D:5      | Reached skill level 8 in Unarmed Combat
  2217 | D:5      | Reached XP level 8. HP: 69/75 MP: 7/7
  2260 | D:5      | Found an ancient bone altar of Kikubaaqudgha.
  2453 | D:5      | Killed Eustachio
  2454 | D:5      | Reached skill level 9 in Unarmed Combat
  2491 | D:5      | Reached skill level 1 in Throwing
  2494 | D:5      | Identified the -5 pair of boots "Gismoyvuqo" {rPois rN+}
  2774 | D:5      | Reached XP level 9. HP: 25/84 MP: 8/8
  2906 | D:6      | Reached skill level 5 in Shields
  3030 | D:6      | Reached skill level 10 in Unarmed Combat
  3175 | D:7      | Found a transporter.
  3175 | D:7      | Noticed dropkickpikachu's ghost (novice MiBe)
  3309 | D:7      | Found a staircase to the Ecumenical Temple.
  3315 | Temple   | Entered the Ecumenical Temple
  3344 | Temple   | Became a worshipper of Elyvilon the Healer
  3445 | D:8      | Found a flagged portal.
  3454 | Bailey   | Entered a bailey
  3514 | Bailey   | HP: 2/85 [human (7)]
  3514 | Bailey   | Slain by a human

Illustrated notes

Levels and vault maps discovered:
D:1:      minmay_arrival_open_corners, layout_loops_ring,
          hellmonk_ecumenical_altar_watching_god
D:2:      layout_basic, uniq_natasha
D:3:      layout_basic, nicolae_qazlal_eye_of_the_storm,
          mainiacjoe_overflow_small_starburst, serial_shops, shop
D:4:      layout_basic
D:5:      layout_rooms, lemuel_mausoleum_altar_kikubaaqudgha,
          nicolae_overflow_crystal_walls, kb_lookout_dungeons_type,
          uniq_blork_the_orc, uniq_eustachio
D:6:      layout_cave_pools, makhleb_grotto_becter,
          minmay_misc_feat_more_columns, hangedman_decor_riveting
D:7:      layout_loops_corners, mainiacjoe_overflow_six_doors_small,
          nicolae_ru_great_annihilating_truth,
          mainiacjoe_overflow_surrounded_room,
          mainiacjoe_overflow_concentric_impassable,
          minmay_temple_entry_statues_pillars, gammafunk_ghost_stat_death,
          uniq_crazy_yiuf_cottage, uniq_pikel
D:8:      layout_loops_ring, lemuel_round_altar, enter_bailey_2, serial_shops,
          shop, hangedman_decor_peaks_small, nrook_campfire
Temple:   minmay_temple_bridge_abc
Bailey:   bailey_axe_froggy_fort_hellmonk, bailey

Skill      XL: |  1  2  3  4  5  6  7  8  9 |
---------------+----------------------------+-----
Fighting       | 3 4 |  4.6
Dodging        | 3 |  3.4
Unarmed Combat | 3 4 6 8 9 10 | 10.4
Shields        | 3 4 5 |  5.6
Throwing       | 2 3 |  3.2

Action                   |  1- 3 |  4- 6 |  7- 9 || total
-------------------------+-------+-------+-------++-------
Melee: Unarmed           |    74 |    61 |   201 ||   336
Throw: Stone             |       |       |    12 ||    12
  Use: Potion            |       |     1 |     3 ||     4
       Scroll            |       |       |    11 ||    11
Armor: Robe              |    20 |    32 |    34 ||    86
Dodge: Dodged            |    24 |    37 |    76 ||   137
Block: Kite shield       |    27 |    38 |    85 ||   150
